 Dungeon Crawl Stone Soup version 0.17-a0-2127-g1cb09f6 (webtiles) character file.

92 kosy22 the Shield-Bearer (level 4, -5/29 HPs)
             Began as a Gargoyle Fighter on Oct 23, 2015.
             Killed from afar by an orc wizard (6 damage)
             ... with a puff of flame
             ... on level 3 of the Dungeon.
             The game lasted 00:04:42 (1747 turns).

kosy22 the Shield-Bearer (Gargoyle Fighter)         Turns: 1747, Time: 00:04:43

Health: -5/29      AC: 10    Str: 21    XL:     4   Next: 60%
Magic:  4/4        EV:  8    Int:  8    God:
Gold:   95         SH:  9    Dex:  9    Spells: 0 memorised, 3 levels left

rFire  . . .     SeeInvis .     a - +0 war axe
rCold  . . .     Clarity  .     b - +0 scale mail
rNeg   + . .     SustAt   .     c - +0 shield
rPois  ∞         Gourm    .     (no helmet)
rElec  +         Spirit   .     (no cloak)
rCorr  .         Warding  .     (no gloves)
rMut   .         Stasis   .     (no boots)
MR     .....                    (no amulet)
Stlth  ..........               (no ring)
                                (no ring)

@: not resistant to hostile enchantments, extremely unstealthy
A: negative energy resistance 1, electricity resistance, unbreathing,
petrification resistance, rot immunity, AC +3
a: no special abilities


You were on level 3 of the Dungeon.
You were not hungry.

You visited 1 branch of the dungeon, and saw 3 of its levels.

You collected 95 gold pieces.

Inventory:

Hand Weapons
 a - a +0 war axe (weapon)
Armour
 b - a +0 scale mail (worn)
 c - a +0 shield (worn)
Scrolls
 g - a scroll of teleportation {unknown}
 j - a scroll of fog
 k - a scroll of identify
 q - a scroll of amnesia {unknown}
Potions
 d - 2 potions of might
 f - a potion of brilliance {unknown}
 i - 2 potions of curing {unknown}
 l - a potion of heal wounds {unknown}
 p - a potion of cure mutation {unknown}
Comestibles
 e - 4 bread rations
 h - 2 meat rations
 n - a slice of pizza


   Skills:
 + Level 3.7 Fighting
 + Level 2.3 Axes
 + Level 3.8 Armour
 + Level 1.1 Dodging
 + Level 4.2 Shields


You had 3 spell levels left.
You didn't know any spells.

Dungeon Overview and Level Annotations

Branches:
Dungeon (3/15)

Altars:


Innate Abilities, Weirdness & Mutations

You are resistant to torment.
Your stone body is resilient (AC +3).
You are immune to poison.
You resist negative energy.
You are resistant to electric shocks.
You can survive without breathing.
You are immune to petrification.
You are immune to rotting.


Message History

The orc wizard hits you but does no damage.
Your shield prevents you from hitting the orc wizard.
The orc wizard is severely wounded.
The orc wizard hits you but does no damage.
The orc wizard mumbles some strange words.
The orc wizard flickers and vanishes!
Deactivating autopickup; reactivate with Ctrl-A.
You barely miss something. Something hits you but does no damage.
Something hits you but does no damage.
The orc priest looks braver for a moment.
You closely miss something. Something hits you. You block its attack.
Something hits you but does no damage.
You closely miss something.
The orc priest calls down the wrath of Beogh upon you.
Something smites you!
* * * LOW HITPOINT WARNING * * *
You hear some strange, mumbled words.
A puff of flame appears from out of thin air!
The puff of flame hits you!
You die...

#####..###.......#
..###.## ###.###(#
...#..# #.# ...#.##
#.## .....#
#..#######
....#########........
.<..##........#######
.......######....#
...#......# ####@#
.....##.>.# #{#
.######...# #o# .#
#...# #o# ## #...#
#o. # #...# ##. #
##### . ## .. .##


You could see an orc priest and 2 orcs.

Vanquished Creatures
  3 adders
  A giant gecko (D:1)
  2 orcs (D:3)
  3 giant cockroaches
  9 goblins
  9 hobgoblins
  2 jackals (D:1)
  8 kobolds
  5 bats
  8 giant newts
  2 quokkas
  5 rats
57 creatures vanquished.

Notes
Turn   | Place    | Note
--------------------------------------------------------------
     0 | D:1      | kosy22 the Gargoyle Fighter began the quest for the Orb.
     0 | D:1      | Reached XP level 1. HP: 14/14 MP: 1/1
    35 | D:1      | Reached XP level 2. HP: 14/19 MP: 2/2
   272 | D:1      | Reached XP level 3. HP: 20/23 MP: 3/3
   950 | D:2      | Reached XP level 4. HP: 18/29 MP: 4/4
  1095 | D:2      | Reached skill level 4 in Shields
  1534 | D:3      | Reached skill level 1 in Dodging
  1747 | D:3      | HP: 1/29 [orc priest/divine providence (14)]
  1747 | D:3      | Killed from afar by an orc wizard

Vault maps used:
D:1:      saegor_arrival_simple_a
D:2:      first_bread, kennysheep_boxes

Action                   |  1- 3 |  4- 6 || total
-------------------------+-------+-------++-------
Melee: War axe           |   120 |    85 ||   205
  Use: Scroll            |       |     4 ||     4
  Eat: Bread ration      |       |     1 ||     1
